 Dungeon Crawl Stone Soup version 0.32-a0-986-ga09f62fbf4 (webtiles) character file.

Game seed: 1215197465999442488

161 GiantSquids the Changeling (level 5, 0/33 HPs)
             Began as an Octopode Shapeshifter on Apr 22, 2024.
             Slain by an orc wizard
             ... wielding a +0 dagger of speed
              (3 damage)
             ... on level 3 of the Dungeon.
             The game lasted 00:04:38 (1798 turns).

GiantSquids the Changeling (Octopode Shapeshifter)  Turns: 1798, Time: 00:04:38

Health: 0/33       AC:  1    Str: 16    XL:     5   Next: 42%
Magic:  5/5        EV: 12    Int: 12    God:
Gold:   65         SH:  0    Dex: 11    Spells: 4/4 levels left

rFire   . .          .
                       - Unarmed
rCold   . . .        (no shield)
rNeg    . . .        (helmet currently unavailable)
rPois   .            (no amulet)
rElec   .            (no ring)
rCorr   .            (no ring)
SInv    .            (no ring)
Will    .....        (no ring)
Stlth   +++          (no ring)
HPRegen 0.25/turn    (no ring)
MPRegen 0.09/turn    (no ring)
                     (no ring)

%: no passive effects
@: beast-form
A: beast (slay +2), almost no armour, amphibious, 8 rings, camouflage 1,
gelatinous body 1, (nimble swimmer 1), tentacles
a: Begin Untransformation


You were on level 3 of the Dungeon.
You were a hulking beast.
You visited 1 branch of the dungeon, and saw 3 of its levels.

You collected 65 gold pieces.

Inventory:

Jewellery
 m - a ring of fire
Talismans
 b - a beast talisman (active)
 c - a flux talisman
 d - a storm talisman
 j - a blade talisman
Scrolls
 f - a scroll of identify {unknown}
 h - a scroll of fog {unknown}
 k - a scroll of revelation {unknown}
Potions
 a - a potion of lignification
 e - a potion of brilliance {unknown}
 g - a potion of magic {unknown}
 i - a potion of berserk rage {unknown}
 l - a potion of enlightenment {unknown}


   Skills:
 - Level 1.0 Fighting
 - Level 2.0 Dodging
 + Level 3.9 Stealth
 - Level 3.0 Unarmed Combat
 * Level 4.8 Shapeshifting


You had 4 spell levels left.
You didn't know any spells.
Your spell library contained the following spells:

 Spells                   Type           Power      Damage    Failure   Level
 Frozen Ramparts          Ice            0%         1d1       69%         3
 Ozocubu's Armour         Ice            0%         N/A       69%         3
 Metabolic Englaciation   Hex/Ice        0%         N/A       100%        5


Dungeon Overview and Level Annotations

Branches:
Dungeon (3/15)

Altars:

Shops:
D:2 [


Innate Abilities, Weirdness & Mutations

You are a hulking beast.
Your limbs bulge with bestial killing power. (Slay +2)
You cannot wear most types of armour.
You are amphibious.
You can wear up to eight rings at the same time.
Your skin changes colour to match your surroundings (Stealth+).
Your rubbery body absorbs attacks. (AC +1, EV +1)
((You are camouflaged when in or above water. (Stealth+)))
You have tentacles for arms and can constrict up to eight enemies at once.


Message History

An orc comes into view. It is wielding a +0 whip.
The rat attacks as it pursues you! The rat bites you.
You barely miss the rat. Your grab misses the rat. The rat closely misses you.
You tentacle-slap the rat.
You kill the rat!
The orc wizard shouts!
You hear a shout!
The orc wizard gestures at you while chanting.
You are confused.
The orc wizard gestures at you while chanting.
The puff of flame hits you!
You bump into the rock wall.
You tentacle-slap the orc wizard.
The orc wizard is moderately wounded.
The orc wizard casts a spell.
The orc wizard flickers and vanishes!
Deactivating autopickup; reactivate with Ctrl-A.
You bump into the rock wall.
Something barely misses you.
You're too confused to move!
You tentacle-slap the orc. You squeeze the orc, but do no damage.
The orc is moderately wounded.
Something hits you.
You bump into the rock wall.
You feel less confused. The orc closely misses you. Something hits you.
The orc closely misses you.
You bludgeon the orc!
You kill the orc!
The orc hits you from afar with a +0 trident.
Something hits you but does no damage.
You hear some strange, mumbled words.
Something tries to affect you, but you resist.
The orc hits you with a +0 trident.
* * * LOW HITPOINT WARNING * * *
Something hits you.
* * * LOW HITPOINT WARNING * * *
You barely miss the orc. You grab the orc. You squeeze the orc!
You kill the orc!
Something hits you.
* * * LOW HITPOINT WARNING * * *
You closely miss something. Something hits you.
You die...

# ......# # ... ....#
# ##........ #
#...o.... #.. .... #..
... # #[# .. #.#)# .#
######### #.#h##.#
†.......# #.).{..#
#######.##.#####.#####
#.##...........#
#.########.....##.
####
#.########.........
....
#.............!....
####
##########.....#..#
###.#.# ##


There were no monsters in sight!

Vanquished Creatures
  A howler monkey (D:2)
  Natasha (twice) (D:2)
  Terence (D:2)
  A dart slug (D:3)
  2 orcs (D:3)
  6 endoplasms
  4 giant cockroaches
  3 goblins
  A hobgoblin (D:1)
  4 jackals (D:1)
  A quokka (D:1)
  6 ball pythons
  4 bats (D:1)
  3 frilled lizards (D:1)
  3 kobolds (D:2)
  7 rats
49 creatures vanquished.

Notes
Turn   | Place    | Note
-------+----------+-------------------------------------------
     0 | D:1      | GiantSquids the Octopode Shapeshifter began the quest for
                  | the Orb.
     0 | D:1      | Reached XP level 1. HP: 13/13 MP: 1/1
   165 | D:1      | Reached skill level 1 in Stealth
   167 | D:1      | Reached XP level 2. HP: 18/18 MP: 2/2
   634 | D:1      | Reached XP level 3. HP: 23/23 MP: 3/3
   732 | D:2      | Noticed Natasha
   830 | D:2      | Noticed Terence
   850 | D:2      | Killed Terence
   851 | D:2      | Reached skill level 4 in Shapeshifting
   890 | D:2      | Reached XP level 4. HP: 15/28 MP: 4/4
  1037 | D:2      | Killed Natasha
  1038 | D:2      | Reached XP level 5. HP: 33/33 MP: 5/5
  1040 | D:2      | Found Winoch's Armour Emporium.
  1323 | D:2      | Noticed Natasha
  1331 | D:2      | Killed Natasha
  1798 | D:3      | Slain by an orc wizard

Illustrated notes

Levels and vault maps discovered:
D:1:      orjb1_clovarrival, layout_basic, grunt_decor_one_mirror
D:2:      layout_rooms, serial_shops, shop, nicolae_figureground_pulse,
          uniq_natasha, uniq_terence
D:3:      layout_loops_ring

Skill      XL: |  1  2  3 |
---------------+----------+-----
Stealth        | 1 3 |  3.9
Shapeshifting  | 4 |  4.8
Fighting       | |  1.0
Dodging        | |  2.0
Unarmed Combat | |  3.0

Action                     |  1- 3 |  4- 6 || total
---------------------------+-------+-------++-------
  Melee: Unarmed           |    56 |    34 ||    90
         Tentacles         |    10 |     9 ||    19
         Constrict         |    11 |     9 ||    20
         Punch             |     1 |       ||     1
   Stab: Sleeping          |     7 |     3 ||    10
 Armour: Skin              |    19 |    20 ||    39
  Dodge: Dodged            |    23 |    16 ||    39

Table legend: (Time is in decaauts)
 A = Elapsed time spent in this place.
 B = Non-inter-level travel time spent in this place.
 C = Inter-level travel time spent in this place.
 D = Time resting spent in this place.
 E = Time spent auto-exploring this place.
 F = Levels seen in this place.
 G = Mean time per level.
                   A        B        C        D        E       F      G
               +--------+--------+--------+--------+--------+-----+--------+
         Total |   1793 |   1679 |    114 |    101 |   1125 |   3 |  597.7 |
       Dungeon |   1793 |   1679 |    114 |    101 |   1125 |   3 |  597.7 |
               +--------+--------+--------+--------+--------+-----+--------+

Top non-repeatable levels by time:
     D:1: 870 daAuts
     D:2: 626 daAuts
     D:3: 296 daAuts
